 Dungeon Crawl Stone Soup version 0.30.1-4-g462c640d31 (webtiles) character file.

Game seed: 6786767428498296629

3531 rvierbuc the Carver (level 9, -2/71 HPs)
             Began as a Demonspawn Gladiator on Aug 24, 2023.
             Was a Follower of Sif Muna.
             Slain by a yak (22 damage)
             ... on level 8 of the Dungeon.
             The game lasted 00:32:17 (7033 turns).

rvierbuc the Carver (Demonspawn Gladiator)          Turns: 7033, Time: 00:32:18

Health: -2/71      AC:  7    Str: 15    XL:     9   Next: 82%
Magic:  13/13      EV: 20    Int:  9    God:    Sif Muna [*.....]
Gold:   447        SH:  0    Dex: 19    Spells: 13/14 levels left

rFire   . . .        U - +0 scimitar (flame)
rCold   + . .        S - orb {mayhem}
rNeg    . . .        b - +0 leather armour
rPois   .            K - +1 helmet
rElec   .            (no cloak)
rCorr   .            (no gloves)
SInv    .            (no boots)
Will    .....        n - amulet of regeneration
Stlth   ++           D - +5 ring of evasion
HPRegen 1.11/turn    Q - ring of protection from cold
MPRegen 0.26/turn

%: mayhem
@: no status effects
A: rugged brown scales 2, powered by death 2, magic regeneration
a: Renounce Religion, Channel Magic


You were on level 8 of the Dungeon.
You worshipped Sif Muna.
Sif Muna was aware of your devotion.
You visited 2 branches of the dungeon, and saw 10 of its levels.

You collected 447 gold pieces.

Inventory:

Hand Weapons
 a - a +0 long sword
 B - a +0 battleaxe
 C - a +1 dagger of venom
 E - a +1 heavy hand axe
 U - a +0 scimitar of flaming (weapon)
Missiles
 d - 6 throwing nets (quivered)
 u - 17 poisoned darts
 O - 2 atropa-tipped darts
Armour
 b - a +0 leather armour (worn)
 c - a +0 helmet
 t - a +0 ring mail
 z - a +1 pair of boots
 I - a +0 chain mail
 K - a +1 helmet (worn)
 N - a +1 chain mail of poison resistance
 S - an orb of mayhem (worn)
 T - +0 steam dragon scales
Magical Staves
 g - a staff of cold
 G - a staff of earth
 L - a staff of poison
Jewellery
 n - an amulet of regeneration (around neck)
 q - an amulet of magic regeneration
 x - an amulet of faith
 D - a +5 ring of evasion (left hand)
 Q - a ring of protection from cold (right hand)
Wands
 H - a wand of flame (11)
Scrolls
 f - 2 scrolls of fear {unknown}
 k - 2 scrolls of teleportation {unknown}
 l - 2 scrolls of fog {unknown}
 p - 4 scrolls of enchant armour {unknown}
 s - 9 scrolls of identify {unknown}
 y - 2 scrolls of vulnerability {unknown}
 F - a scroll of enchant weapon {unknown}
 M - 2 scrolls of poison {unknown}
 P - a scroll of noise {unknown}
Potions
 e - 2 potions of lignification {unknown}
 h - 5 potions of curing
 i - 3 potions of resistance {unknown}
 j - 2 potions of ambrosia {unknown}
 m - 2 potions of heal wounds {unknown}
 o - 3 potions of attraction {unknown}
 r - a potion of degeneration {unknown}
 v - 2 potions of haste {unknown}
 A - a potion of flight {unknown}
 J - a potion of might {unknown}
 R - a potion of magic {unknown}


   Skills:
 * Level 5.3 Fighting
 * Level 8.5 Long Blades
 + Level 4.2 Throwing
 + Level 3.3 Armour
 * Level 5.6 Dodging
 + Level 2.1 Stealth
 + Level 3.1 Spellcasting
 + Level 3.2 Conjurations


You had 13 spell levels left.
You knew the following spells:

 Your Spells              Type           Power      Damage    Failure   Level
a - Magic Dart            Conj           28%        1d4       10%         1

Your spell library contained the following spells:

 Spells                   Type           Power      Damage    Failure   Level
 Apportation              Tloc           2%         N/A       36%         1
 Freeze                   Ice            4%         1d3       36%         1
 Call Imp                 Summ           2%         N/A       50%         2
 Sublimation of Blood     Necr           1%         N/A       50%         2
 Hailstorm                Conj/Ice       4%         3d4       50%         3
 Mephitic Cloud           Conj/Pois/Air  3%         N/A       56%         3
 Frozen Ramparts          Ice            2%         1d1       73%         3
 Petrify                  Tmut/Erth      1%         N/A       98%         4
 Irradiate                Conj/Tmut      2%         3d12      99%         5
 Alistair's Intoxication  Tmut/Pois      0%         N/A       100%        5


Dungeon Overview and Level Annotations

Branches:
Dungeon (9/15)             Temple (1/1) D:6
   Lair: D:8-11         Orc: D:9-12

Altars:
Ashenzari
Cheibriados
Dithmenos
Fedhas
Gozag
Hepliaklqana
Kikubaaqudgha
Makhleb
Nemelex Xobeh
Okawaru
Ru
Sif Muna
Trog
Uskayaw
Vehumet
Wu Jian
Xom
Yredelemnul


Innate Abilities, Weirdness & Mutations

You are mostly covered in rugged brown scales. (AC +2, +5% HP)
You regenerate health from kills.
You regenerate magic rapidly.


Message History

The yak attacks as you move away! The yak gores you but does no damage.
You slash the yak! You burn the yak.
The yak is moderately wounded.
The yak barely misses you.
You slash the yak! You burn the yak.
The yak is heavily wounded.
The yak gores you!
You barely miss the yak.
The yak is heavily wounded.
The yak closely misses you.
You barely miss the yak.
The yak is heavily wounded.
The yak misses you.
You closely miss the yak.
The yak is heavily wounded.
The yak gores you.
You hit the yak. You burn the yak.
The yak is severely wounded.
The yak misses you.
You slice the yak!! You burn the yak.
You kill the yak!
Sif Muna accepts your kill.
The yak flies into a frenzy!
You slash the yak! You burn the yak.
The yak is moderately wounded.
The yak completely misses you. x2
You hit the yak. You burn the yak.
The yak is severely wounded.
The yak gores you!!
You barely miss the yak.
The yak is severely wounded.
The yak misses you.
You slash the yak! You burn the yak.
The yak is almost dead.
The yak gores you but does no damage. The yak gores you!
* * * LOW HITPOINT WARNING * * *
You barely miss the yak.
The yak is almost dead.
The yak gores you!!
You die...

#.......# ### #.#####.# #.#
#########.# #.# ##### #.#
#......##.# #.# #.... ###.#
#......##.#####.######.##. .##.#
#......................##. .##.#
#.........>.....##.....##.
.##.####......##Y########......#.
.##....'......##@# #..........'.
.'..####......##.# #.##.###..##.
.##.####......+..# #.##)# #..###
.......'......##.####'##.# #..###
.##.####......##.......#.# #.....
.##.######.#+###.......#)###..###
.##...<...............[))##......
.........######.......)####.#.###
....####.######........####.#.#


You could see a neutral yak (fast, strong, insane).

Vanquished Creatures
  Erica (D:9)
  Pikel (D:7)
  A yak (D:8)
  A wyvern (D:8)
  2 steam dragons
  2 water moccasins
  2 orc warriors (D:8)
  A sky beast (D:8)
  2 ice beasts
  2 bullfrogs
  A necrophage (D:8)
  Blork the orc (D:4)
  A gnoll sergeant (D:9)
  2 scorpions
  2 howler monkeys (D:7)
  A hound (D:6)
  2 jellies
  A gnoll bouda (D:5)
  An orc priest (D:5)
  2 sleepcaps
  4 iguanas
  6 orc wizards
  A hound skeleton (D:8)
  13 gnolls
  8 adders
  2 worms
  3 dart slugs (D:1)
  28 orcs
  8 ball pythons
  8 bats
  2 endoplasms
  8 giant cockroaches
  7 goblins
  8 hobgoblins
  2 quokkas
  A frilled lizard (D:3)
  8 kobolds
  4 rats
150 creatures vanquished.

Vanquished Creatures (collateral kills)
  A gnoll (D:9)
1 creature vanquished.

Grand Total: 151 creatures vanquished

Notes
Turn   | Place    | Note
-------+----------+-------------------------------------------
     0 | D:1      | rvierbuc the Demonspawn Gladiator began the quest for the
                  | Orb.
     0 | D:1      | Reached XP level 1. HP: 16/16 MP: 1/1
   140 | D:1      | Gained mutation: You regenerate a little health from kills.
                  | [demonic ancestry]
   140 | D:1      | Reached XP level 2. HP: 22/22 MP: 2/2
   309 | D:1      | Reached skill level 3 in Long Blades
   472 | D:1      | Reached XP level 3. HP: 28/28 MP: 3/3
  1168 | D:2      | Found a snail-covered altar of Cheibriados.
  1249 | D:2      | Gained mutation: You regenerate health from kills. [demonic
                  | ancestry]
  1249 | D:2      | Reached XP level 4. HP: 34/34 MP: 4/4
  1699 | D:3      | Reached skill level 1 in Armour
  1840 | D:3      | Found an ornate altar of the Wu Jian Council.
  1847 | D:3      | Found a shimmering blue altar of Sif Muna.
  1851 | D:3      | Found an ancient bone altar of Kikubaaqudgha.
  1864 | D:3      | Found an opulent altar of Gozag.
  1866 | D:3      | Found an opulent altar of Gozag.
  1904 | D:3      | Found an opulent altar of Gozag.
  2022 | D:3      | Found a hazy altar of Hepliaklqana.
  2068 | D:3      | Reached skill level 1 in Stealth
  2123 | D:3      | Reached XP level 5. HP: 39/39 MP: 5/5
  2233 | D:3      | Found an opulent altar of Gozag.
  2405 | D:3      | Learned a level 1 spell: Magic Dart
  2434 | D:4      | Reached skill level 4 in Long Blades
  2590 | D:4      | Noticed Blork the orc
  2600 | D:4      | Killed Blork the orc
  2601 | D:4      | Reached XP level 6. HP: 41/47 MP: 6/6
  2854 | D:5      | Entered Level 5 of the Dungeon
  2954 | D:5      | Noticed an ice beast
  3022 | D:5      | Noticed a water moccasin
  3030 | D:5      | Killed a water moccasin
  3051 | D:5      | Reached skill level 5 in Long Blades
  3051 | D:5      | Gained mutation: You regenerate magic rapidly. [demonic
                  | ancestry]
  3051 | D:5      | Reached XP level 7. HP: 48/52 MP: 3/7
  3201 | D:5      | Reached skill level 1 in Conjurations
  3238 | D:5      | Reached skill level 1 in Spellcasting
  3735 | D:6      | Found a staircase to the Ecumenical Temple.
  3745 | Temple   | Entered the Ecumenical Temple
  4397 | D:3      | Became a worshipper of Sif Muna the Loreminder
  5065 | D:6      | Gained mutation: You are partially covered in rugged brown
                  | scales. (AC +1, +3% HP) [demonic ancestry]
  5065 | D:6      | Reached XP level 8. HP: 14/60 MP: 9/11
  5436 | D:7      | Reached skill level 6 in Long Blades
  5672 | D:7      | Noticed Pikel
  5695 | D:7      | Killed Pikel
  6007 | D:8      | Gained mutation: You are mostly covered in rugged brown
                  | scales. (AC +2, +5% HP) [demonic ancestry]
  6007 | D:8      | Reached XP level 9. HP: 62/69 MP: 13/13
  6247 | D:8      | Reached * piety under Sif Muna
  6320 | D:8      | Reached skill level 7 in Long Blades
  6366 | D:8      | Found a burning altar of Makhleb.
  6691 | D:8      | Found a blossoming altar of Fedhas.
  6847 | D:8      | Reached skill level 5 in Dodging
  6921 | D:9      | Noticed Erica
  6945 | D:9      | Killed Erica
  6946 | D:9      | Reached skill level 5 in Fighting
  6946 | D:9      | Reached skill level 8 in Long Blades
  7033 | D:8      | Slain by a yak

Illustrated notes

Levels and vault maps discovered:
D:1:      psy_arrival_spokes, layout_loops_corners
D:2:      layout_loops_ring, basic_altar
D:3:      minmay_spotlight, layout_rooms, old_standard_altar,
          nicolae_gozag_conspicuous_consumption, grunt_temple_overflow_open,
          mainiacjoe_overflow_tiny_flanked
D:4:      layout_basic, uniq_blork_the_orc
D:5:      layout_loops_cross
D:6:      layout_loops_ring, lemuel_tele_altar, minmay_temple_entry_purple_smoke
D:7:      layout_loops_ring, uniq_pikel
D:8:      layout_basic, general_overflow_altar, makhleb_blood_cavern_becter
D:9:      layout_long_grid, david_orc_2, uniq_erica
Temple:   hc_temple_tempest_star

Skill      XL: |  1  2  3  4  5  6  7  8  9 |
---------------+----------------------------+-----
Throwing       | 2 3 4 |  4.2
Dodging        | 3 4 5 |  5.6
Long Blades    | 3 4 5 6 8 |  8.5
Armour         | 1 2 3 |  3.3
Stealth        | 1 2 |  2.1
Fighting       | 3 4 5 |  5.3
Conjurations   | 2 3 |  3.2
Spellcasting   | 2 3 |  3.1

Action                     |  1- 3 |  4- 6 |  7- 9 || total
---------------------------+-------+-------+-------++-------
  Melee: Long sword        |   114 |   171 |   266 ||   551
         Punch             |     1 |     1 |     2 ||     4
         Scimitar          |       |       |    29 ||    29
  Throw: Javelin           |       |    21 |    42 ||    63
         Throwing net      |       |     2 |     3 ||     5
   Cast: Magic Dart        |       |     3 |    36 ||    39
    Use: Potion            |       |     1 |     1 ||     2
   Stab: Sleeping          |     2 |     3 |     1 ||     6
 Armour: Leather armour    |    40 |    46 |    51 ||   137
  Dodge: Dodged            |    93 |   147 |   253 ||   493
